| TOP OF THE 1ST |
|
Wichita Aeros batting - Pitching for Tulsa Drillers : LHP Bob Buchanan
|
|
Pitching: LHP Bob Buchanan
|
|
|
Batting: LHB Omar Guerrero
|
0-0: Called Strike 0-1: Called Strike 0-2: Ball 1-2: Ball 2-2: Foul Ball, location: 2F 2-2: Strikes out looking
|
|
Batting: SHB Gary Pettis
|
0-0: Ground out 4-3 (Groundball, 4S, EV 68.8 MPH)
|
|
Batting: LHB Michael Barnes
|
0-0: Foul Ball, location: 2F 0-1: Ground out 5-3 (Groundball, 15, EV 88.8 MPH)
|
| Top of the 1st over - 0 runs, 0 hits, 0 errors, 0 left on base; Wichita 0 - Tulsa 0 |
| BOTTOM OF THE 1ST |
|
Tulsa Drillers batting - Pitching for Wichita Aeros : RHP Jeff Heathcock
|
|
Pitching: RHP Jeff Heathcock
|
|
|
Batting: RHB Victor Rios
|
0-0: Ball 1-0: Called Strike 1-1: Ball 2-1: Foul Ball, location: 2F 2-2: SOLO HOME RUN (Flyball, 78XD, EV 86.9 MPH), Distance : 417 ft
|
|
Batting: SHB Luis Quinones
|
0-0: Foul Ball, location: 2F 0-1: Foul Ball, location: 2F 0-2: Ball 1-2: Strikes out looking
|
|
Batting: LHB Mike Pagliarulo
|
0-0: Ground out 4-3 (Groundball, 4, EV 90.0 MPH)
|
|
Batting: LHB Jim Adduci
|
0-0: Called Strike 0-1: DOUBLE (Flyball, 89D, EV 103.8 MPH)
|
|
Batting: SHB Paul Householder
|
0-0: Ball Wild Pitch! Jim Adduci to third 1-0: Ball 2-0: Ball 3-0: Fly out, F8 (Flyball, 8LD, EV 104.4 MPH)
|
| Bottom of the 1st over - 1 run, 2 hits, 0 errors, 1 left on base; Wichita 0 - Tulsa 1 |
| TOP OF THE 2ND |
|
Wichita Aeros batting - Pitching for Tulsa Drillers : LHP Bob Buchanan
|
|
Batting: RHB Bill Schroeder
|
0-0: Ball 1-0: Ball 2-0: Called Strike 2-1: Ground out 4-3 (Groundball, 4, EV 87.5 MPH)
|
|
Batting: RHB Jesse Barfield
|
0-0: Called Strike 0-1: Foul Ball, location: 2F 0-2: Ball 1-2: Ball 2-2: Strikes out swinging
|
|
Batting: LHB Glenn Gulliver
|
0-0: Called Strike 0-1: Ground out 6-3 (Groundball, 6, EV 87.5 MPH)
|
| Top of the 2nd over - 0 runs, 0 hits, 0 errors, 0 left on base; Wichita 0 - Tulsa 1 |
| BOTTOM OF THE 2ND |
|
Tulsa Drillers batting - Pitching for Wichita Aeros : RHP Jeff Heathcock
|
|
Batting: RHB Bob E Johnson
|
0-0: Ball 1-0: Ball 2-0: Foul Ball, location: 2F 2-1: Called Strike 2-2: Ground out 6-3 (Groundball, 56, EV 106.9 MPH)
|
|
Batting: RHB Bob Grandas
|
0-0: Ball 1-0: Ground out U3 (Groundball, 34S, EV 87.5 MPH)
|
|
Batting: RHB Nick Belmonte
|
0-0: Fly out, F9 (Flyball, 89D, EV 72.5 MPH)
|
| Bottom of the 2nd over - 0 runs, 0 hits, 0 errors, 0 left on base; Wichita 0 - Tulsa 1 |
| TOP OF THE 3RD |
|
Wichita Aeros batting - Pitching for Tulsa Drillers : LHP Bob Buchanan
|
|
Batting: RHB Greg Cypret
|
0-0: SINGLE (Flyball, 89S, EV 86.3 MPH)
|
|
Batting: RHB Gary House
|
0-0: Ball 1-0: Ball 2-0: Called Strike 2-1: Ball 3-1: Called Strike 3-2: SINGLE (Line Drive, 5D, EV 96.3 MPH) Greg Cypret to second Greg Cypret to third
|
|
Batting: RHB Victor Mabee
|
0-0: Ball 1-0: Swinging Strike 1-1: Foul Ball, location: 2F 1-2: Foul Ball, location: 2F 1-2: Foul Ball, location: 2F 1-2: Strikes out swinging
|
|
Batting: LHB Omar Guerrero
|
0-0: Swinging Strike 0-1: Ball 1-1: Ball 2-1: SINGLE (Line Drive, 78S, EV 100.0 MPH) Greg Cypret scores Gary House to second
|
|
Batting: SHB Gary Pettis
|
0-0: Ball 1-0: Ball 2-0: Ball 3-0: Called Strike 3-1: Foul Ball, location: 2F 3-2: Foul Ball, location: 2F 3-2: Base on Balls Gary House to third Omar Guerrero to second
|
|
Batting: LHB Michael Barnes
|
0-0: Foul Ball, location: 2F 0-1: Swinging Strike 0-2: Foul Ball, location: 2F 0-2: Ball 1-2: Fielders Choice at 2nd, 5-4 (Groundball, 56, EV 95.6 MPH) Gary House scores Omar Guerrero to third
|
|
Batting: RHB Bill Schroeder
|
0-0: Foul Ball, location: 2F 0-1: Called Strike 0-2: Ball 1-2: Ball Wild Pitch! Omar Guerrero scores Michael Barnes to second 2-2: Fly out, F7 (Flyball, 7, EV 78.8 MPH)
|
| Top of the 3rd over - 3 runs, 3 hits, 0 errors, 1 left on base; Wichita 3 - Tulsa 1 |
| BOTTOM OF THE 3RD |
|
Tulsa Drillers batting - Pitching for Wichita Aeros : RHP Jeff Heathcock
|
|
Batting: RHB Kevin Coon
|
0-0: Called Strike 0-1: Ball 1-1: SOLO HOME RUN (Line Drive, 78XD, EV 107.5 MPH), Distance : 414 ft
|
|
Batting: RHB Victor Rios
|
0-0: Ball 1-0: Ball 2-0: Ground out 4-3 (Groundball, 4, EV 88.8 MPH)
|
|
Batting: SHB Luis Quinones
|
0-0: Ball 1-0: Ball 2-0: Called Strike 2-1: Fly out, F9 (Flyball, 89S, EV 78.8 MPH)
|
|
Batting: LHB Mike Pagliarulo
|
0-0: Ball 1-0: Fly out, F5 (Popup, 5D, EV 70.0 MPH)
|
| Bottom of the 3rd over - 1 run, 1 hit, 0 errors, 0 left on base; Wichita 3 - Tulsa 2 |
| TOP OF THE 4TH |
|
Wichita Aeros batting - Pitching for Tulsa Drillers : LHP Bob Buchanan
|
|
Batting: RHB Jesse Barfield
|
0-0: Called Strike 0-1: Called Strike 0-2: Strikes out looking
|
|
Batting: LHB Glenn Gulliver
|
0-0: Called Strike 0-1: Ball 1-1: Ball 2-1: Called Strike 2-2: Ball 3-2: Base on Balls
|
|
Batting: RHB Greg Cypret
|
0-0: Called Strike 0-1: Swinging Strike 0-2: Ball 1-2: Ball 2-2: Ball 3-2: Fielders Choice at 2nd, 2-6 (Groundball, 2R, EV 75.0 MPH)
|
|
Batting: RHB Gary House
|
0-0: Ball Greg Cypret steals 2nd base 1-0: Ball 2-0: Called Strike 2-1: Ball 3-1: Base on Balls
|
|
Batting: RHB Victor Mabee
|
0-0: Ball 1-0: Fly out, F4 (Popup, 3D, EV 53.1 MPH)
|
| Top of the 4th over - 0 runs, 0 hits, 0 errors, 2 left on base; Wichita 3 - Tulsa 2 |
| BOTTOM OF THE 4TH |
|
Tulsa Drillers batting - Pitching for Wichita Aeros : RHP Jeff Heathcock
|
|
Batting: LHB Jim Adduci
|
0-0: Called Strike 0-1: Called Strike 0-2: Ball 1-2: SINGLE (Groundball, 4D, EV 105.0 MPH)
|
|
Batting: SHB Paul Householder
|
0-0: Foul Ball, location: 2F 0-1: Swinging Strike 0-2: Fielders Choice at 2nd, 3-6 (Groundball, 3, EV 80.6 MPH)
|
|
Batting: RHB Bob E Johnson
|
0-0: Ball 1-0: Ball Paul Householder steals 2nd base 2-0: Ball Wild Pitch! Paul Householder to third 3-0: Called Strike 3-1: Fly out, F8 (Line Drive, 8RD, EV 101.3 MPH)
|
|
Batting: RHB Bob Grandas
|
0-0: Ball 1-0: Called Strike 1-1: Ball 2-1: Ball 3-1: Fly out, F9 (Flyball, 9S, EV 82.5 MPH)
|
| Bottom of the 4th over - 0 runs, 1 hit, 0 errors, 1 left on base; Wichita 3 - Tulsa 2 |
| TOP OF THE 5TH |
|
Wichita Aeros batting - Pitching for Tulsa Drillers : LHP Bob Buchanan
|
|
Batting: LHB Omar Guerrero
|
0-0: Ball 1-0: DOUBLE (Line Drive, 7LS, EV 91.3 MPH)
|
|
Batting: SHB Gary Pettis
|
0-0: Foul Ball, location: 2F 0-1: Called Strike 0-2: Ball 1-2: Ground out 4-3 (Groundball, 34D, EV 113.1 MPH) Omar Guerrero to third
|
|
Batting: LHB Michael Barnes
|
0-0: Swinging Strike 0-1: Ground out 4-3 (Groundball, 4, EV 78.8 MPH)
|
|
Batting: RHB Bill Schroeder
|
0-0: Called Strike 0-1: Called Strike 0-2: Foul Ball, location: 2F 0-2: Ball 1-2: Foul Ball, location: 2F 1-2: Strikes out swinging
|
| Top of the 5th over - 0 runs, 1 hit, 0 errors, 1 left on base; Wichita 3 - Tulsa 2 |
| BOTTOM OF THE 5TH |
|
Tulsa Drillers batting - Pitching for Wichita Aeros : RHP Jeff Heathcock
|
|
Batting: RHB Nick Belmonte
|
0-0: Ball 1-0: Ball 2-0: Swinging Strike 2-1: SINGLE (Groundball, 6MD, EV 96.3 MPH)
|
|
Batting: RHB Kevin Coon
|
0-0: Ball 1-0: Bunt missed! 1-1: Bunt missed! 1-2: Ball 2-2: Foul Ball, location: 2F 2-2: Foul Ball, location: 2F 2-2: Foul Ball, location: 2F 2-2: Ball 3-2: Foul Ball, location: 2F 3-2: Base on Balls Nick Belmonte to second
|
|
Batting: RHB Victor Rios
|
0-0: Bunt missed! 0-1: Bunt missed! 0-2: Ball 1-2: Ball 2-2: Ball 3-2: DOUBLE (Line Drive, 7LM, EV 92.5 MPH) Nick Belmonte scores Kevin Coon to third
|
|
Batting: SHB Luis Quinones
|
0-0: Called Strike 0-1: Called Strike 0-2: Foul Ball, location: 2F 0-2: Ball 1-2: Foul Ball, location: 2F 1-2: Foul Ball, location: 2F 1-2: Ground out 4-3 (Groundball, 4, EV 89.4 MPH)
|
|
Batting: LHB Mike Pagliarulo
|
0-0: Intentional Walk
|
|
Batting: LHB Jim Adduci
|
0-0: DOUBLE (Line Drive, 78D, EV 107.5 MPH) Kevin Coon scores Victor Rios scores Mike Pagliarulo to third Runner from 3rd tries for Home, SAFE, no throw by CF
|
|
Batting: SHB Paul Householder
|
0-0: Intentional Walk
|
|
Pitching: RHP Steve Crawford
|
|
|
Batting: RHB Bob E Johnson
|
0-0: Ball 1-0: Fly out, F8 (Flyball, 89D, EV 100.6 MPH)
|
|
Batting: RHB Bob Grandas
|
0-0: Ball 1-0: Ball 2-0: Called Strike 2-1: Fielders Choice at 2nd, 5-4 (Groundball, 5L, EV 108.1 MPH)
|
| Bottom of the 5th over - 4 runs, 3 hits, 0 errors, 2 left on base; Wichita 3 - Tulsa 6 |
| TOP OF THE 6TH |
|
Wichita Aeros batting - Pitching for Tulsa Drillers : LHP Bob Buchanan
|
|
Batting: RHB Jesse Barfield
|
0-0: Called Strike 0-1: Swinging Strike 0-2: Ball 1-2: Foul Ball, location: 2F 1-2: Strikes out swinging
|
|
Batting: LHB Glenn Gulliver
|
0-0: Ball 1-0: Ball 2-0: Called Strike 2-1: Swinging Strike 2-2: Ball 3-2: Base on Balls
|
|
Batting: RHB Greg Cypret
|
0-0: Called Strike Glenn Gulliver steals 2nd base 0-1: Foul Ball, location: 2F 0-2: SINGLE (Groundball, 6MD, EV 106.9 MPH) Glenn Gulliver to third Runner from 3rd tries for Home, SAFE, throw by CF to home
|
|
Batting: RHB Gary House
|
0-0: Called Strike 0-1: Called Strike 0-2: Foul Ball, location: 2F 0-2: Ball 1-2: Ball 2-2: Ball 3-2: Strikes out swinging Greg Cypret steals 2nd base Batter strikes out.
|
|
Batting: RHB Victor Mabee
|
0-0: Called Strike 0-1: Fly out, F9 (Flyball, 9S, EV 90.6 MPH)
|
| Top of the 6th over - 1 run, 1 hit, 0 errors, 1 left on base; Wichita 4 - Tulsa 6 |
| BOTTOM OF THE 6TH |
|
Tulsa Drillers batting - Pitching for Wichita Aeros : RHP Steve Crawford
|
|
Batting: RHB Nick Belmonte
|
0-0: Ball 1-0: Ball 2-0: Fly out, F5 (Popup, 15S, EV 88.8 MPH)
|
|
Batting: RHB Kevin Coon
|
0-0: Ball 1-0: Called Strike 1-1: SINGLE (Groundball, 34D, EV 103.1 MPH)
|
|
Batting: RHB Victor Rios
|
0-0: Swinging Strike 0-1: Called Strike 0-2: Strikes out swinging
|
|
Batting: SHB Luis Quinones
|
0-0: Ball 1-0: Foul Ball, location: 2F 1-1: SINGLE (Groundball, 4MD, EV 105.6 MPH) Kevin Coon to second Runner from 2nd tries for 3rd, SAFE, no throw by CF
|
|
Batting: LHB Mike Pagliarulo
|
0-0: Fly out, F7 (Flyball, 7LS, EV 85.6 MPH)
|
| Bottom of the 6th over - 0 runs, 2 hits, 0 errors, 2 left on base; Wichita 4 - Tulsa 6 |
| TOP OF THE 7TH |
|
Wichita Aeros batting - Pitching for Tulsa Drillers : LHP Bob Buchanan
|
|
Batting: LHB Omar Guerrero
|
0-0: Called Strike 0-1: Foul Ball, location: 2F 0-2: Fly out, F7 (Flyball, 78D, EV 92.5 MPH)
|
|
Batting: SHB Gary Pettis
|
0-0: Swinging Strike 0-1: Foul Ball, location: 2F 0-2: Strikes out looking
|
|
Batting: LHB Michael Barnes
|
0-0: Called Strike 0-1: Swinging Strike 0-2: Ball 1-2: Strikes out swinging
|
| Top of the 7th over - 0 runs, 0 hits, 0 errors, 0 left on base; Wichita 4 - Tulsa 6 |
| BOTTOM OF THE 7TH |
|
Tulsa Drillers batting - Pitching for Wichita Aeros : RHP Steve Crawford
|
|
Batting: LHB Jim Adduci
|
0-0: Foul Ball, location: 2F 0-1: Swinging Strike 0-2: Ball 1-2: Ball 2-2: Ball 3-2: Base on Balls
|
|
Batting: SHB Paul Householder
|
0-0: Ball Wild Pitch! Jim Adduci to second 1-0: Intentional Walk
|
|
Batting: RHB Bob E Johnson
|
0-0: Ball 1-0: Ball 2-0: Called Strike 2-1: Fly out, F6 (Popup, 6M, EV 52.5 MPH)
|
|
Batting: RHB Bob Grandas
|
0-0: Ball 1-0: Called Strike 1-1: Ball 2-1: Foul Ball, location: 2F 2-2: Foul Ball, location: 2F 2-2: Ball 3-2: Foul Ball, location: 2F 3-2: Foul Ball, location: 2F 3-2: Ground out 4-3 (Groundball, 4MS, EV 92.5 MPH) Jim Adduci to third Paul Householder to second
|
|
Batting: RHB Nick Belmonte
|
0-0: Ball 1-0: Ball 2-0: Fly out, F8 (Line Drive, 8LM, EV 93.8 MPH)
|
| Bottom of the 7th over - 0 runs, 0 hits, 0 errors, 2 left on base; Wichita 4 - Tulsa 6 |
| TOP OF THE 8TH |
|
Wichita Aeros batting - Pitching for Tulsa Drillers : LHP Bob Buchanan
|
|
Batting: RHB Bill Schroeder
|
0-0: Called Strike 0-1: Ball 1-1: Fly out, F6 (Popup, 6, EV 58.1 MPH)
|
|
Batting: RHB Jesse Barfield
|
0-0: Foul Ball, location: 2F 0-1: Ball 1-1: Swinging Strike 1-2: Ball 2-2: Ball 3-2: Base on Balls
|
|
Batting: LHB Glenn Gulliver
|
0-0: Ball 1-0: Ball 2-0: Called Strike 2-1: Ball 3-1: Base on Balls Jesse Barfield to second
|
|
Pinch Runner at 2nd Robert Markham:
|
|
|
Batting: RHB Greg Cypret
|
0-0: Fly out, F8 (Line Drive, 8RM, EV 93.8 MPH)
|
|
Batting: RHB Gary House
|
0-0: Foul Ball, location: 2F 0-1: Foul Ball, location: 2F 0-2: Ball 1-2: Foul Ball, location: 2F 1-2: Ball 2-2: Ground out 4-3 (Groundball, 4, EV 85.6 MPH)
|
| Top of the 8th over - 0 runs, 0 hits, 0 errors, 2 left on base; Wichita 4 - Tulsa 6 |
| BOTTOM OF THE 8TH |
|
Tulsa Drillers batting - Pitching for Wichita Aeros : RHP Steve Crawford
|
|
Now in CF: Robert Markham
|
|
|
Batting: RHB Kevin Coon
|
0-0: Ball 1-0: Ball 2-0: Fly out, F8 (Flyball, 8LS, EV 79.4 MPH)
|
|
Batting: RHB Victor Rios
|
0-0: Ball 1-0: Foul Ball, location: 2F 1-1: Ground out 3-1 (Groundball, 34S, EV 78.1 MPH)
|
|
Batting: SHB Luis Quinones
|
0-0: Ground out 1-3 (Groundball, 15S, EV 68.8 MPH)
|
| Bottom of the 8th over - 0 runs, 0 hits, 0 errors, 0 left on base; Wichita 4 - Tulsa 6 |
| TOP OF THE 9TH |
|
Wichita Aeros batting - Pitching for Tulsa Drillers : LHP Bob Buchanan
|
|
Pitching: RHP Bert Roberge
|
|
|
Batting: RHB Victor Mabee
|
0-0: Ball 1-0: Ball 2-0: Ball 3-0: Base on Balls
|
|
Batting: LHB Omar Guerrero
|
0-0: Ball 1-0: Fly out, F7 (Line Drive, 7, EV 93.8 MPH)
|
|
Batting: SHB Gary Pettis
|
0-0: Called Strike 0-1: Foul Ball, location: 2F 0-2: Ball 1-2: Ball 2-2: Ball 3-2: Fly out, F8 (Line Drive, 8RD, EV 93.1 MPH)
|
|
Batting: LHB Michael Barnes
|
0-0: Ball 1-0: DOUBLE (Line Drive, 7LM, EV 108.8 MPH) Victor Mabee to third
|
|
Batting: RHB Bill Schroeder
|
0-0: Ball 1-0: Ball 2-0: Called Strike 2-1: Ball 3-1: SINGLE (Line Drive, 34D, EV 103.1 MPH) Victor Mabee scores Michael Barnes to third Runner from 3rd tries for Home, SAFE, throw by RF to home Bill Schroeder to second
|
|
Batting: LHB Robert Markham
|
0-0: Ball 1-0: Called Strike 1-1: Foul Ball, location: 2F 1-2: Ground out 4-3 (Groundball, 4, EV 80.6 MPH)
|
| Top of the 9th over - 2 runs, 2 hits, 0 errors, 1 left on base; Wichita 6 - Tulsa 6 |
| BOTTOM OF THE 9TH |
|
Tulsa Drillers batting - Pitching for Wichita Aeros : RHP Steve Crawford
|
|
Pitching: RHP Joey McLaughlin
|
|
|
Batting: LHB Mike Pagliarulo
|
0-0: Ground out U3 (Groundball, 34, EV 86.3 MPH)
|
|
Batting: LHB Jim Adduci
|
0-0: Ball 1-0: Foul Ball, location: 2F 1-1: Foul Ball, location: 2F 1-2: Foul Ball, location: 2F 1-2: Strikes out swinging
|
|
Batting: SHB Paul Householder
|
0-0: Ball 1-0: Fly out, F8 (Flyball, 78D, EV 108.8 MPH)
|
| Bottom of the 9th over - 0 runs, 0 hits, 0 errors, 0 left on base; Wichita 6 - Tulsa 6 |
| TOP OF THE 10TH |
|
Wichita Aeros batting - Pitching for Tulsa Drillers : RHP Bert Roberge
|
|
Batting: LHB Glenn Gulliver
|
0-0: Ball 1-0: Ball 2-0: Called Strike 2-1: Swinging Strike 2-2: Ball 3-2: Foul Ball, location: 2F 3-2: Ground out U3 (Groundball, 34, EV 81.9 MPH)
|
|
Batting: RHB Greg Cypret
|
0-0: Called Strike 0-1: Ball 1-1: SINGLE (Groundball, 4MD, EV 99.4 MPH) (infield hit)
|
|
Pinch Hitting: LHB Angel Matos
|
0-0: Sac Bunt to 2R - play at first, batter OUT! 2-3 Greg Cypret to second
|
|
Pinch Hitting: LHB Jim F Weaver
|
0-0: Called Strike 0-1: Ball 1-1: Foul Ball, location: 2F 1-2: Foul Ball, location: 2F 1-2: Foul Ball, location: 2F 1-2: Ball 2-2: Ball 3-2: Foul Ball, location: 2F 3-2: DOUBLE (Line Drive, 9LM, EV 98.1 MPH) Greg Cypret scores
|
|
Pitching: RHP David Melendez
|
|
|
Batting: LHB Omar Guerrero
|
0-0: Ball 1-0: Called Strike 1-1: Ball 2-1: Ball 3-1: Base on Balls
|
|
Batting: SHB Gary Pettis
|
0-0: Ball 1-0: Swinging Strike 1-1: Called Strike 1-2: Strikes out looking
|
| Top of the 10th over - 1 run, 2 hits, 0 errors, 2 left on base; Wichita 7 - Tulsa 6 |
| BOTTOM OF THE 10TH |
|
Tulsa Drillers batting - Pitching for Wichita Aeros : RHP Joey McLaughlin
|
|
Now at SS: Jesus Ramos
|
|
|
Now in LF: Tom Dodd
|
|
|
Pinch Hitting: LHB Randy Braun
|
0-0: Swinging Strike 0-1: Called Strike 0-2: Strikes out swinging
|
|
Batting: RHB Bob Grandas
|
0-0: Ball 1-0: Ground out 4-3 (Groundball, 4, EV 99.4 MPH)
|
|
Pinch Hitting: LHB Casey Parsons
|
0-0: Called Strike 0-1: Called Strike 0-2: Ball 1-2: Fly out, F8 (Flyball, 8LXD, EV 102.5 MPH)
|
| Bottom of the 10th over - 0 runs, 0 hits, 0 errors, 0 left on base; Wichita 7 - Tulsa 6 |
|